 Dungeon Crawl Stone Soup version 0.29-a0-474-gdfe5cd140f (webtiles) character file.

Game seed: 10933777993356940141

152 fingers the Shield-Bearer (level 5, -5/33 HPs)
             Began as a Gargoyle Fighter on May 23, 2022.
             Was an Initiate of Makhleb.
             Slain by an ogre
             ... wielding a +0 giant club
              (16 damage)
             ... on level 4 of the Dungeon.
             The game lasted 00:09:54 (2429 turns).

fingers the Shield-Bearer (Gargoyle Fighter)        Turns: 2429, Time: 00:09:55

Health: -5/33      AC: 15    Str: 22    XL:     5   Next: 34%
Magic:  5/5        EV:  6    Int:  8    God:    Makhleb [......]
Gold:   105        SH:  9    Dex:  9    Spells: 4/4 levels left

rFire   . . .      SeeInvis .   a - +0 flail
rCold   . . .      Faith    .   c - +0 buckler
rNeg    + . .      Spirit   .   o - +0 plate armour
rPois   ∞          Reflect  +   (no helmet)
rElec   +          Harm     .   (no cloak)
rCorr   .          Rampage  .   (no gloves)
Will    .....                   (no boots)
Stlth   ..........              m - amulet of reflection
HPRegen 0.11/turn               (no ring)
MPRegen 0.09/turn               (no ring)

@: no status effects
A: sickness immunity, AC +4, negative energy resistance 1, electricity
resistance, torment resistance 1, petrification resistance
a: Renounce Religion


You were on level 4 of the Dungeon.
You worshipped Makhleb.
Makhleb was noncommittal.
You visited 2 branches of the dungeon, and saw 4 of its levels.

You collected 105 gold pieces.

Inventory:

Hand Weapons
 a - a +0 flail (weapon)
Missiles
 p - 4 boomerangs (quivered)
Armour
 c - a +0 buckler (worn)
 d - a +0 chain mail
 f - a +2 robe of the Archmagi
 l - the +1 leather armour of the Distant Future {Regen+ Int+4}
   (You found it on level 2 of the Dungeon)

   Int:       It affects your intelligence (+4).
   Regen:     It increases your rate of health regeneration.
 o - a +0 plate armour (worn)
Jewellery
 m - an amulet of reflection (around neck)
Scrolls
 e - a scroll of amnesia {unknown}
 i - 2 scrolls of enchant weapon {unknown}
 j - a scroll of vulnerability
 k - a scroll of poison {unknown}
 n - a scroll of identify {unknown}
 q - a scroll of immolation {unknown}
 s - a scroll of blinking {unknown}
Potions
 g - a potion of attraction
 h - a potion of flight
 r - a potion of degeneration {unknown}


   Skills:
 + Level 3.8 Fighting
 + Level 3.7 Maces & Flails
 + Level 4.1 Armour
 + Level 0.3 Dodging
 + Level 0.1 Stealth
 + Level 4.1 Shields


You had 4 spell levels left.
You didn't know any spells.
Your spell library contained the following spells:

 Spells                   Type           Power      Damage    Failure   Level
 Alistair's Intoxication  Tmut/Pois      0%         N/A       100%        5
 Borgnjor's Vile Clutch   Necr/Erth      0%         N/A       100%        5
 Eringya's Noxious Bog    Tmut/Pois      0%         N/A       100%        6


Dungeon Overview and Level Annotations

Branches:
Dungeon (4/15)             Temple (1/1) D:4

Altars:
Dithmenos
Elyvilon
Fedhas
Gozag
Hepliaklqana
Makhleb
Sif Muna
Trog
Vehumet
Xom
Jiyva


Innate Abilities, Weirdness & Mutations

You are immune to sickness and miasma.
Your stone body is resilient. (AC +4)
You are immune to poison.
You resist negative energy. (rN+)
You are resistant to electric shocks. (rElec)
You are resistant to unholy torment.
You are immune to petrification.


Message History

The ogre looks frightened!
It was a scroll of fear.
There is a stone staircase leading down here.
You see here a +0 robe.
You start resting.
Vehumet rains destruction down upon you!
The puff of frost hits you.
* * * LOW HITPOINT WARNING * * *
The divine experience confuses you!
You are confused.
You start resting.
You feel less confused.
You start resting.
An ogre is nearby!
An ogre is nearby!
You start resting.
An ogre is nearby!
It was a potion of heal wounds.
You feel much better.
You hit the ogre.
The ogre is lightly wounded.
You block the ogre's attack.
You hit the ogre.
The ogre is moderately wounded.
The ogre barely misses you.
You hit the ogre.
The ogre is moderately wounded.
You hit the ogre.
The ogre is moderately wounded.
The ogre hits you with a +0 giant club!
You barely miss the ogre.
The ogre is moderately wounded.
The ogre closely misses you.
You barely miss the ogre.
The ogre is moderately wounded.
The ogre hits you with a +0 giant club!
You thump the ogre!
The ogre is severely wounded.
You block the ogre's attack.
You thump the ogre!
The ogre is almost dead.
The ogre hits you with a +0 giant club!
You die...

.....# #...+ .....# #####...#
.....# #.......# #####
.....#####.......########...####
.....#.............[....'...'..#
.....#.#.#.########.#####...####
......>........[###)# #...#
..÷÷...#.#.####..##.# #...#
..)....#...#...O@##.# #####
...........#.###.##.#
.....#............#.#
.....#....##^###..#.#
.................<#'####
###+##.####............#
#.......O............#
#.##..##.............#
###.#....#.............#


You could see an ogre.

Vanquished Creatures
  A black bear (D:4)
  An iguana (D:4)
  A worm (D:2)
  4 endoplasms
  2 giant cockroaches (D:1)
  3 hobgoblins
  A kobold (D:2)
  6 ball pythons
  2 bats
  2 frilled lizards
  3 goblins
  3 rats
  2 bushes (D:2)
31 creatures vanquished.

Notes
Turn   | Place    | Note
-------+----------+-------------------------------------------
     0 | D:1      | fingers the Gargoyle Fighter began the quest for the Orb.
     0 | D:1      | Reached XP level 1. HP: 14/14 MP: 1/1
   194 | D:1      | Reached XP level 2. HP: 5/19 MP: 2/2
   933 | D:2      | Identified the +1 leather armour of the Distant Future
                  | {Regen+ Int+4}
  1190 | D:2      | Reached XP level 3. HP: 23/23 MP: 3/3
  1210 | D:2      | Found a faded altar of an unknown god.
  1216 | D:2      | Prayed at the altar of an unknown god.
  1216 | D:2      | Became a worshipper of Vehumet
  1216 | D:2      | Reached * piety under Vehumet
  1216 | D:2      | Offered knowledge of Sandblast by Vehumet.
  1443 | D:2      | You fall into a shaft and drop 2 floors!
  1444 | D:4      | Found a staircase to the Ecumenical Temple.
  1470 | Temple   | Entered the Ecumenical Temple
  1804 | Temple   | Fell from the grace of Vehumet
  1804 | Temple   | Became a worshipper of Makhleb the Destroyer
  2082 | D:4      | Noticed a black bear
  2095 | D:4      | Reached XP level 4. HP: 21/29 MP: 4/4
  2103 | D:4      | Killed a black bear
  2104 | D:4      | Reached XP level 5. HP: 6/33 MP: 5/5
  2357 | D:4      | Noticed an ogre
  2429 | D:4      | Slain by an ogre

Illustrated notes

Levels and vault maps discovered:
D:1:      dpeg_arrival_signposts, layout_basic, minmay_pentomino_v2
D:2:      layout_basic, hellmonk_ecumenical_altar_zigzags, serial_park_tiny_1
D:4:      layout_basic, mainiacjoe_overflow_alcove_4,
          lemuel_mausoleum_altar_yredelemnul, minmay_temple_entry_purple_smoke,
          minmay_between
Temple:   pf_slimified_temple

Skill      XL: |  1  2  3  4 |
---------------+-------------+-----
Maces & Flails | 3 |  3.7
Armour         | 4 |  4.1
Shields        | 4 |  4.1
Fighting       | |  3.8
Dodging        | |  0.3
Stealth        | |  0.1

Action                   |  1- 3 |  4- 6 || total
-------------------------+-------+-------++-------
Melee: Flail             |   226 |    22 ||   248
  Use: Potion            |     3 |     1 ||     4
       Scroll            |     1 |     1 ||     2
Armor: Scale mail        |     7 |       ||     7
       Chain mail        |    69 |       ||    69
       Plate armour      |    12 |    19 ||    31
Dodge: Dodged            |    53 |    11 ||    64
Block: Buckler           |    39 |    19 ||    58

Table legend: (Time is in decaauts)
 A = Elapsed time spent in this place.
 B = Non-inter-level travel time spent in this place.
 C = Inter-level travel time spent in this place.
 D = Time resting spent in this place.
 E = Time spent auto-exploring this place.
 F = Levels seen in this place.
 G = Mean time per level.
                   A        B        C        D        E       F      G
               +--------+--------+--------+--------+--------+-----+--------+
         Total |   2513 |   2510 |      3 |    727 |    306 |   4 |  628.2 |
       Dungeon |   2173 |   2170 |      3 |    517 |    306 |   3 |  724.3 |
        Temple |    340 |    340 |      0 |    210 |      0 |   1 |  340.0 |
               +--------+--------+--------+--------+--------+-----+--------+

Top non-repeatable levels by time:
     D:1: 879 daAuts
     D:4: 664 daAuts
     D:2: 629 daAuts
  Temple: 340 daAuts
